 Dungeon Crawl Stone Soup version 0.24-a0-715-g0b739ee41d (webtiles) character file.

Game seed: 11345940306966289111, levelgen mode: deterministic

21 Kohma the Bolt Thrower (level 3, 21/21 HPs)
             Began as a Kobold Hunter on Sept 30, 2019.
             Quit the game on level 1 of the Dungeon.
             The game lasted 00:02:56 (548 turns).

Kohma the Bolt Thrower (Kobold Hunter)               Turns: 548, Time: 00:02:57

Health: 21/21      AC:  3    Str: 10    XL:     3   Next: 2%
Magic:  3/3        EV: 14    Int: 10    God:
Gold:   23         SH:  0    Dex: 15    Spells: 2/2 levels left

rFire    . . .     SeeInvis .   a - +1 hand crossbow
rCold    . . .     Gourm    .   (shield restricted)
rNeg     . . .     Faith    .   c - +0 leather armour
rPois    .         Spirit   .   (no helmet)
rElec    .         Reflect  .   (no cloak)
rCorr    .         Harm     .   (no gloves)
MR       .....                  (no boots)
Stlth    ++........             (no amulet)
HPRegen  0.07/turn              l - -2 ring of intelligence (curse)
MPRegen  0.08/turn              (no ring)

@: no status effects
A: small, carnivore
a: no special abilities


You were on level 1 of the Dungeon.
You were completely stuffed.

You visited 1 branch of the dungeon, and saw 1 of its levels.

You collected 23 gold pieces.

Inventory:

Hand Weapons
 a - a +1 hand crossbow (weapon)
 b - a +0 short sword
Missiles
 d - 12 bolts (quivered)
Armour
 c - a +0 leather armour (worn)
Jewellery
 l - a cursed -2 ring of intelligence (left hand)
Scrolls
 e - a scroll of fog {unknown}
 i - a scroll of teleportation {unknown}
 j - a scroll of enchant weapon {unknown}
 k - a scroll of amnesia {unknown}
Potions
 h - a potion of heal wounds {unknown}
 m - a potion of lignification {unknown}
 n - a potion of cancellation {unknown}
Comestibles
 f - 2 rations
 g - 11 chunks of flesh


   Skills:
 - Level 2.1 Fighting
 * Level 5.8 Crossbows
 - Level 2.4 Dodging
 - Level 1.3 Stealth


You had 2 spell levels left.
You didn't know any spells.
Your spell library was empty.

Dungeon Overview and Level Annotations

Branches:
Dungeon (1/15)

Altars:


Innate Abilities, Weirdness & Mutations

You are small and have problems with some larger weapons.
You are carnivorous and can eat meat at any time.


Message History

Your base attributes are Str 9, Int 12, Dex 15.
Increase (S)trength, (I)ntelligence, or (D)exterity?
You feel stronger.
A frilled lizard comes into view.
There isn't anything here!
Firing (i - inventory)
d - 12 bolts (quivered)
Press: ? - help, Shift-Dir - straight line, f - frilled lizard
Aim: a frilled lizard (resting)
You shoot a bolt. The bolt hits the frilled lizard.
You kill the frilled lizard!
Things that are here:
a +0 club; a hobgoblin corpse You butcher the hobgoblin corpse.
g - 11 chunks of flesh (gained 4)
Things that are here:
a +0 club; a hobgoblin skeleton
d - 12 bolts (gained 1) Quiver which item? (- for none, * to show all) (? for menu, Esc to quit)
Okay, then.
Are you sure you want to abandon this character and quit the game? (Confirm with "yes".)

######
#.@..#
#....#
#....#
#)...#
#....##
#####
#....[#
#...#
#.....#
#...#
##....#
#...########
#....# #.#


There were no monsters in sight!

Vanquished Creatures
  2 bats (D:1)
  2 giant cockroaches (D:1)
  2 goblins (D:1)
  5 hobgoblins (D:1)
  2 kobolds (D:1)
  4 frilled lizards (D:1)
  2 rats (D:1)
19 creatures vanquished.

Notes
Turn   | Place    | Note
-------+----------+-------------------------------------------
     0 | D:1      | Kohma the Kobold Hunter began the quest for the Orb.
     0 | D:1      | Reached XP level 1. HP: 12/12 MP: 1/1
    17 | D:1      | Reached skill level 5 in Crossbows
   115 | D:1      | Reached XP level 2. HP: 15/17 MP: 2/2
   535 | D:1      | Reached XP level 3. HP: 21/21 MP: 3/3
   548 | D:1      | Quit the game

Levels and vault maps discovered:
D:1:      lemuel_arrival_behind_the_door_large, layout_basic

Skill      XL: |  1 |
---------------+----+-----
Crossbows      | 5 |  5.8
Fighting       | |  2.1
Dodging        | |  2.4
Stealth        | |  1.3

Action                   || total
-------------------------++-------
 Fire: Hand crossbow     ||    38
  Eat: Chunk             ||     7
Dodge: Dodged            ||     7

Table legend:
 A = Non-vault XP
 B = Vault XP
 C = Vault XP percentage of total XP
 D = Non-vault monster count
 E = Vault monster count
 F = Vault count percentage of total count
                 A         B        C        D         E       F
            +---------+---------+-------+---------+---------+-------
      Total |      30 |       0 |   0.0 |      19 |       0 |   0.0
            +---------+---------+-------+---------+---------+-------
        D:1 |      30 |       0 |   0.0 |      19 |       0 |   0.0
            +---------+---------+-------+---------+---------+-------
